NCAA
CLEMSON TIGERS @ NORTH CAROLINA STATE WOLFPACK
02/02/1972
 
TOP OF THE 1ST
Clemson Tigers batting - Pitching for North Carolina State Wolfpack : RHP Danny Diaz
Pitching: RHP Danny Diaz
Batting: LHB Mike Ridlon 0-0: Called Strike
0-1: SINGLE (Groundball, 56S) (infield hit)
Batting: RHB Jordan Cota 0-0: Ball
Mike Ridlon is caught stealing 2nd base
1-0: Foul Ball, location: 2F
1-1: Ball
2-1: Ball
3-1: Base on Balls
Batting: RHB John Camelio 0-0: Ball
1-0: Foul Ball, location: 2F
1-1: Fly out, F8 (Flyball, 8RD)
Batting: RHB Josh Nesbit 0-0: Called Strike
0-1: Ball
1-1: Foul Ball, location: 2F
1-2: SINGLE (Groundball, 6MD)
Jordan Cota to second
Batting: RHB Terry Jackson 0-0: Swinging Strike
0-1: Foul Ball, location: 2F
0-2: Strikes out swinging
Top of the 1st over - 0 runs, 2 hits, 0 errors, 2 left on base; Clemson 0 - North Carolina State 0
BOTTOM OF THE 1ST
North Carolina State Wolfpack batting - Pitching for Clemson Tigers : RHP Joey Lindberg
Pitching: RHP Joey Lindberg
Batting: LHB Hector Berrios 0-0: Ball
1-0: Ball
2-0: Foul Ball, location: 2F
2-1: SINGLE (Groundball, 34D)
Batting: RHB Jose Lopez 0-0: Ball
1-0: Foul Ball, location: 2F
1-1: Swinging Strike
1-2: Fly out, F8 (Flyball, 8RD)
Batting: RHB Alan McDonald 0-0: Ball
1-0: DOUBLE (Flyball, 8LD)
Hector Berrios to third
Batting: RHB Ronnie Helms 0-0: Ball
1-0: Foul Ball, location: 2F
1-1: Ball
2-1: Called Strike
2-2: Ground out 5-3 (Groundball, 5L)
Batting: SHB Will Rider 0-0: Ball
1-0: Ball
2-0: Ball
3-0: Called Strike
3-1: Base on Balls
Batting: LHB Chance Dow 0-0: Foul Ball, location: 2F
0-1: Foul Ball, location: 2F
0-2: Strikes out swinging
Bottom of the 1st over - 0 runs, 2 hits, 0 errors, 3 left on base; Clemson 0 - North Carolina State 0
TOP OF THE 2ND
Clemson Tigers batting - Pitching for North Carolina State Wolfpack : RHP Danny Diaz
Batting: RHB Gernot Hohenwart 0-0: SOLO HOME RUN (Flyball, 7LD), Distance : 367 ft
Batting: RHB Nelson Mendoza 0-0: Called Strike
0-1: Foul Ball, location: 2F
0-2: SINGLE (Groundball, 34D)
Batting: RHB David Warner 0-0: Grounds into double play, 6-4-3 (Groundball, 6)
Batting: RHB Josh Giuffrida 0-0: Called Strike
0-1: Ball
1-1: Ground out 6-3 (Groundball, 6)
Top of the 2nd over - 1 run, 2 hits, 0 errors, 0 left on base; Clemson 1 - North Carolina State 0
BOTTOM OF THE 2ND
North Carolina State Wolfpack batting - Pitching for Clemson Tigers : RHP Joey Lindberg
Batting: LHB Vsevolod Atnagulov 0-0: Called Strike
0-1: Ball
1-1: Ball
2-1: Ball
3-1: SOLO HOME RUN (Flyball, 9LD), Distance : 361 ft
Batting: RHB Ryan Doane 0-0: Ball
1-0: Fly out, F7 (Flyball, 7)
Batting: SHB Darren Park 0-0: Ball
1-0: Foul Ball, location: 2F
1-1: Ball
2-1: Swinging Strike
2-2: Foul Ball, location: 2F
2-2: Foul Ball, location: 2F
2-2: Foul Ball, location: 2F
2-2: Foul Ball, location: 2F
2-2: Foul Ball, location: 2F
2-2: DOUBLE (Line Drive, 8LD)
Batting: LHB Hector Berrios 0-0: Ball
1-0: Called Strike
1-1: Ball
2-1: Ball
3-1: Base on Balls
Batting: RHB Jose Lopez 0-0: Foul Ball, location: 2F
0-1: Ball
1-1: Ball
2-1: Ball
3-1: Foul Ball, location: 2F
3-2: Base on Balls
Darren Park to third
Hector Berrios to second
Batting: RHB Alan McDonald 0-0: Foul Ball, location: 2F
0-1: Foul Ball, location: 2F
0-2: Ball
1-2: Grounds into double play, 6-4-3 (Groundball, 6)
Bottom of the 2nd over - 1 run, 2 hits, 0 errors, 2 left on base; Clemson 1 - North Carolina State 1
TOP OF THE 3RD
Clemson Tigers batting - Pitching for North Carolina State Wolfpack : RHP Danny Diaz
Batting: LHB Mike Ridlon 0-0: Ball
1-0: Ball
2-0: Foul Ball, location: 2F
2-1: Ground out 1-3 (Groundball, 13)
Batting: RHB Jordan Cota 0-0: Swinging Strike
0-1: Ball
1-1: Ground out 3-1 (Groundball, 34)
Batting: RHB John Camelio 0-0: Called Strike
0-1: Fly out, F8 (Flyball, 8LD)
Top of the 3rd over - 0 runs, 0 hits, 0 errors, 0 left on base; Clemson 1 - North Carolina State 1
BOTTOM OF THE 3RD
North Carolina State Wolfpack batting - Pitching for Clemson Tigers : RHP Joey Lindberg
Batting: RHB Ronnie Helms 0-0: Ball
1-0: Fly out, F9 (Flyball, 89M)
Batting: SHB Will Rider 0-0: Ball
1-0: Foul Ball, location: 2F
1-1: Swinging Strike
1-2: Hit by Pitch
Batting: LHB Chance Dow 0-0: Ball
1-0: Swinging Strike
1-1: Swinging Strike
1-2: Grounds into double play, 6-4-3 (Groundball, 6)
Bottom of the 3rd over - 0 runs, 0 hits, 0 errors, 0 left on base; Clemson 1 - North Carolina State 1
TOP OF THE 4TH
Clemson Tigers batting - Pitching for North Carolina State Wolfpack : RHP Danny Diaz
Batting: RHB Josh Nesbit 0-0: Called Strike
0-1: Hit by Pitch
Batting: RHB Terry Jackson 0-0: Called Strike
0-1: Ball
1-1: Ball
2-1: SINGLE (Line Drive, 6MD)
Josh Nesbit to second
Runner from 2nd tries for 3rd, OUT!
Batting: RHB Gernot Hohenwart 0-0: Called Strike
0-1: Ball
1-1: Foul Ball, location: 2F
1-2: Ball
2-2: Ball
3-2: Foul Ball, location: 2F
3-2: Strikes out swinging
Batting: RHB Nelson Mendoza 0-0: Ball
1-0: Foul Ball, location: 2F
1-1: Foul Ball, location: 2F
1-2: Ball
2-2: DOUBLE (Line Drive, 7D)
Terry Jackson to third
Runner from 3rd tries for Home, SAFE, no throw
Batting: RHB David Warner 0-0: Foul Ball, location: 2F
0-1: Foul Ball, location: 2F
0-2: Ball
1-2: Ground out 6-3 (Groundball, 6)
Top of the 4th over - 1 run, 2 hits, 0 errors, 1 left on base; Clemson 2 - North Carolina State 1
BOTTOM OF THE 4TH
North Carolina State Wolfpack batting - Pitching for Clemson Tigers : RHP Joey Lindberg
Batting: LHB Vsevolod Atnagulov 0-0: Ball
1-0: Ball
2-0: Ground out 4-3 (Groundball, 4M)
Batting: RHB Ryan Doane 0-0: Ground out 4-3 (Groundball, 4)
Batting: SHB Darren Park 0-0: Foul Ball, location: 2F
0-1: Fly out, F8 (Flyball, 8LM)
Bottom of the 4th over - 0 runs, 0 hits, 0 errors, 0 left on base; Clemson 2 - North Carolina State 1
TOP OF THE 5TH
Clemson Tigers batting - Pitching for North Carolina State Wolfpack : RHP Danny Diaz
Batting: RHB Josh Giuffrida 0-0: Called Strike
0-1: Swinging Strike
0-2: Ball
1-2: Foul Ball, location: 2F
1-2: Strikes out looking
Batting: LHB Mike Ridlon 0-0: Called Strike
0-1: Ball
1-1: Ball
2-1: Foul Ball, location: 2F
2-2: Ground out 4-3 (Groundball, 4)
Batting: RHB Jordan Cota 0-0: Ball
1-0: Ground out 6-3 (Groundball, 6)
Top of the 5th over - 0 runs, 0 hits, 0 errors, 0 left on base; Clemson 2 - North Carolina State 1
BOTTOM OF THE 5TH
North Carolina State Wolfpack batting - Pitching for Clemson Tigers : RHP Joey Lindberg
Batting: LHB Hector Berrios 0-0: Called Strike
0-1: Ball
1-1: Ball
2-1: DOUBLE (Line Drive, 78D)
Batting: RHB Jose Lopez 0-0: Ball
1-0: Foul Ball, location: 2F
1-1: Ball
2-1: Called Strike
2-2: Fly out, F8 (Flyball, 8RD)
Batting: RHB Alan McDonald Pickoff Throw to Second - Error! E1
Hector Berrios to third
0-0: Ball
1-0: Called Strike
1-1: Called Strike
1-2: Foul Ball, location: 2F
1-2: Ball
2-2: Fly out, F9 (Flyball, 9)
Runner from 3rd tags up, SCORES, throw made
Batting: RHB Ronnie Helms 0-0: Fly out, F8 (Flyball, 8RD)
Bottom of the 5th over - 1 run, 1 hit, 1 error, 0 left on base; Clemson 2 - North Carolina State 2
TOP OF THE 6TH
Clemson Tigers batting - Pitching for North Carolina State Wolfpack : RHP Danny Diaz
Batting: RHB John Camelio 0-0: Foul Ball, location: 2F
0-1: Swinging Strike
0-2: Foul Ball, location: 2F
0-2: Ball
1-2: Foul Ball, location: 2F
1-2: Foul Ball, location: 2F
1-2: Ball
2-2: Ball
3-2: Fly out, F4 (Popup, 4)
Batting: RHB Josh Nesbit 0-0: Ball
1-0: DOUBLE (Line Drive, 9LS)
Batting: RHB Terry Jackson 0-0: Called Strike
0-1: Ground out 5-3 (Groundball, 56D)
Batting: RHB Gernot Hohenwart 0-0: Called Strike
0-1: Swinging Strike
0-2: Ball
1-2: Foul Ball, location: 2F
1-2: Ball
2-2: Foul Ball, location: 2F
2-2: Foul Ball, location: 2F
2-2: Ball
3-2: Base on Balls
Batting: RHB Nelson Mendoza 0-0: Ball
1-0: Called Strike
1-1: Called Strike
1-2: Strikes out looking
Top of the 6th over - 0 runs, 1 hit, 0 errors, 2 left on base; Clemson 2 - North Carolina State 2
BOTTOM OF THE 6TH
North Carolina State Wolfpack batting - Pitching for Clemson Tigers : RHP Joey Lindberg
Batting: SHB Will Rider 0-0: Ball
1-0: Ball
2-0: Foul Ball, location: 2F
2-1: Foul Ball, location: 2F
2-2: Foul Ball, location: 2F
2-2: Ball
3-2: Ground out 6-3 (Groundball, 6)
Batting: LHB Chance Dow 0-0: Ball
1-0: Ball
2-0: Ball
3-0: Base on Balls
Batting: LHB Vsevolod Atnagulov 0-0: Foul Ball, location: 2F
0-1: Ball
1-1: Fly out, F6 (Popup, 15)
Batting: RHB Ryan Doane 0-0: Ball
1-0: Foul Ball, location: 2F
1-1: Ground out 4-3 (Groundball, 4)
Bottom of the 6th over - 0 runs, 0 hits, 0 errors, 1 left on base; Clemson 2 - North Carolina State 2
TOP OF THE 7TH
Clemson Tigers batting - Pitching for North Carolina State Wolfpack : RHP Danny Diaz
Batting: RHB David Warner 0-0: Ball
1-0: Swinging Strike
1-1: Ball
2-1: Called Strike
2-2: Ball
3-2: Strikes out looking
Pinch Hitting: SHB Alex Rodriguez 0-0: Ball
1-0: Foul Ball, location: 2F
1-1: Ball
2-1: Called Strike
2-2: Ball
3-2: Base on Balls
Batting: LHB Mike Ridlon 0-0: Called Strike
0-1: DOUBLE (Line Drive, 9LM)
Alex Rodriguez to third
Batting: RHB Jordan Cota 0-0: Swinging Strike
0-1: Foul Ball, location: 2F
0-2: Ball
1-2: Fly out, F9 (Flyball, 9LM)
Runner from 3rd tags up, OUT at HOME
Top of the 7th over - 0 runs, 1 hit, 0 errors, 1 left on base; Clemson 2 - North Carolina State 2
BOTTOM OF THE 7TH
North Carolina State Wolfpack batting - Pitching for Clemson Tigers : RHP Joey Lindberg
Now at 2B: Alex Rodriguez
Batting: SHB Darren Park 0-0: SINGLE (Groundball, 34D)
Pitching: RHP Brent Bush
Batting: LHB Hector Berrios 0-0: Sac Bunt - play at first, batter OUT! 5-4
Darren Park to second
Batting: RHB Jose Lopez 0-0: Ball
1-0: Fly out, F8 (Flyball, 8RS)
Batting: RHB Alan McDonald 0-0: Called Strike
0-1: Fly out, F9 (Flyball, 9S)
Bottom of the 7th over - 0 runs, 1 hit, 0 errors, 1 left on base; Clemson 2 - North Carolina State 2
TOP OF THE 8TH
Clemson Tigers batting - Pitching for North Carolina State Wolfpack : RHP Danny Diaz
Batting: RHB John Camelio 0-0: Called Strike
0-1: Ball
1-1: Foul Ball, location: 2F
1-2: Foul Ball, location: 2F
1-2: Ball
2-2: Foul Ball, location: 2F
2-2: Ball
3-2: Fly out, F9 (Flyball, 9LMF)
Batting: RHB Josh Nesbit 0-0: Ball
1-0: Ball
2-0: Ball
3-0: Base on Balls
Pitching: RHP Frank Diaz
Batting: RHB Terry Jackson 0-0: Called Strike
0-1: Ball
1-1: Ball
2-1: Called Strike
2-2: Strikes out looking
Batting: RHB Gernot Hohenwart 0-0: Called Strike
0-1: Ball
1-1: Ball
2-1: Ball
3-1: Ground out U3 (Groundball, 34S)
Top of the 8th over - 0 runs, 0 hits, 0 errors, 1 left on base; Clemson 2 - North Carolina State 2
BOTTOM OF THE 8TH
North Carolina State Wolfpack batting - Pitching for Clemson Tigers : RHP Brent Bush
Batting: RHB Ronnie Helms 0-0: Swinging Strike
0-1: SINGLE (Groundball, 25) (infield hit)
Batting: SHB Will Rider 0-0: Called Strike
0-1: Ball
1-1: Swinging Strike
1-2: Strikes out swinging
Batting: LHB Chance Dow 0-0: Ball
1-0: Foul Ball, location: 2F
1-1: Ball
2-1: Called Strike
2-2: Ball
3-2: Base on Balls
Ronnie Helms to second
Batting: LHB Vsevolod Atnagulov 0-0: Foul Ball, location: 2F
0-1: Ball
1-1: Ball
2-1: Swinging Strike
2-2: Foul Ball, location: 2F
2-2: Foul Ball, location: 2F
2-2: Ball
3-2: Base on Balls
Ronnie Helms to third
Chance Dow to second
Batting: RHB Ryan Doane 0-0: TRIPLE (Line Drive, 9D)
Ronnie Helms scores
Chance Dow scores
Vsevolod Atnagulov scores
Pitching: RHP Craig Clark
Batting: SHB Darren Park 0-0: Ball
1-0: Ball
2-0: Called Strike
2-1: Called Strike
2-2: Foul Ball, location: 2F
2-2: Foul Ball, location: 2F
2-2: Ground out 4-3 (Groundball, 4)
Batting: LHB Hector Berrios 0-0: Called Strike
0-1: Ball
1-1: Foul Ball, location: 2F
1-2: Ball
2-2: Foul Ball, location: 2F
2-2: Strikes out swinging
Bottom of the 8th over - 3 runs, 2 hits, 0 errors, 1 left on base; Clemson 2 - North Carolina State 5
TOP OF THE 9TH
Clemson Tigers batting - Pitching for North Carolina State Wolfpack : RHP Frank Diaz
Batting: RHB Nelson Mendoza 0-0: Called Strike
0-1: Ball
1-1: Called Strike
1-2: Ground out 4-3 (Groundball, 4)
Batting: RHB David Warner 0-0: Called Strike
0-1: Called Strike
0-2: Strikes out swinging
Batting: SHB Alex Rodriguez 0-0: Ball
1-0: SINGLE (Groundball, 4MD)
Batting: LHB Mike Ridlon 0-0: Ball
1-0: Ball
Wild Pitch!
Alex Rodriguez to second
2-0: Called Strike
2-1: Called Strike
2-2: Ball
3-2: Base on Balls
Batting: RHB Jordan Cota 0-0: DOUBLE (Groundball, 5L)
Alex Rodriguez scores
Mike Ridlon to third
Batting: RHB John Camelio 0-0: Ball
1-0: Foul Ball, location: 2F
1-1: Foul Ball, location: 2F
1-2: Ball
2-2: Foul Ball, location: 2F
2-2: Ball
Wild Pitch!
Mike Ridlon scores
Jordan Cota to third
3-2: Base on Balls
Batting: RHB Josh Nesbit 0-0: Called Strike
0-1: Swinging Strike
0-2: Hit by Pitch
John Camelio to second
Batting: RHB Terry Jackson 0-0: Ball
1-0: Fielders Choice at 2nd, 6-4 (Groundball, 6)
Top of the 9th over - 2 runs, 2 hits, 0 errors, 3 left on base; Clemson 4 - North Carolina State 5
Friday, October 27th, 2017 - OOTP Baseball 18.8 Build 76